 Dungeon Crawl Stone Soup version 0.28.0-43-g3370ac3207 (webtiles) character file.

Game seed: 18297813027461022982

82 adizb the Sneak (level 4, 0/20 HPs)
             Began as a Vampire Brigand on Mar 6, 2022.
             Hit by a goblin thrown by Robin (3 damage)
             ... on level 3 of the Dungeon.
             The game lasted 00:09:51 (1604 turns).

adizb the Sneak (Vampire Brigand)                   Turns: 1604, Time: 00:09:52

Health: 0/20       AC:  0    Str:  8 (10) XL:     4   Next: 21%
Magic:  2/4        EV: 19    Int: 11 (13) God:
Gold:   122        SH:  0    Dex: 20 (22) Spells: 3/3 levels left

rFire   . . .      SeeInvis +     - Unarmed
rCold   + + .      Faith    .   (shield currently unavailable)
rNeg    + + +      Spirit   .   (armour currently unavailable)
rPois   ∞          Reflect  .   (helmet currently unavailable)
rElec   .          Harm     .   (cloak currently unavailable)
rCorr   .          Rampage  .   (gloves currently unavailable)
Will    .....                   (boots currently unavailable)
Stlth   ++++++....              (no amulet)
HPRegen 0.00/turn               (ring currently unavailable)
MPRegen 0.09/turn               (ring currently unavailable)

@: bat-form, flying, bloodless, inhibited regen, very quick
A: fast, flying, no casting, tiny, bloodless, fangs 3, see invisible, vampiric
2, [frail 2]
a: Revivify, End Transformation


You were on level 3 of the Dungeon.
You were a vampire bat.
You visited 1 branch of the dungeon, and saw 3 of its levels.

You collected 122 gold pieces.

Inventory:

Hand Weapons
 a - a +2 dagger
 k - a +0 dagger of draining
 l - a +1 dagger of venom (melded)
Missiles
 d - 15 poisoned darts (quivered)
 e - 6 curare-tipped darts
Armour
 b - a +0 robe (melded)
 c - a +0 cloak (melded)
 h - a +0 pair of boots (melded)
 i - a +0 helmet (melded)
 n - a +0 ring mail of cold resistance
 r - a +0 buckler
Scrolls
 f - a scroll of immolation {unknown}
 g - a scroll of noise {unknown}
 j - a scroll of teleportation {unknown}
 o - a scroll of magic mapping {unknown}
 p - a scroll of vulnerability {unknown}
 t - 2 scrolls of identify {unknown}
Potions
 m - a potion of degeneration {unknown}
 q - a potion of haste {unknown}
 s - 2 potions of might {unknown}


   Skills:
 + Level 2.3 Fighting
 + Level 2.9 Short Blades
 - Level 1.5 Throwing
 + Level 2.1 Dodging
 + Level 6.5 Stealth
 + Level 1.5 Unarmed Combat
 + Level 0.2 Spellcasting


You had 3 spell levels left.
You didn't know any spells.
Your spell library contained the following spells:

 Spells                   Type           Power      Damage    Failure   Level
 Ozocubu's Armour         Ice            0%         N/A       71%         3
 Metabolic Englaciation   Hex/Ice        0%         N/A       100%        5
 Simulacrum               Ice/Necr       0%         N/A       100%        6


Dungeon Overview and Level Annotations

Branches:
Dungeon (3/15)

Altars:

Annotations:
D:3 Natasha, Robin


Innate Abilities, Weirdness & Mutations

You are a vampire bat.
You are tiny and dextrous.
You move quickly.
You are flying.
You are immune to poison.
Your equipment is almost entirely melded.
You are incapable of wielding weapons or throwing items.
You cannot cast spells.
You do not regenerate when monsters are visible.
You are frail without blood (-20% HP).
You can heal yourself when you bite living creatures.
You are immune to poison.
You have razor-sharp teeth.
You have supernaturally acute eyesight. (SInv)
You are afflicted with vampirism and can become a bat while bloodless.
[You are very frail. (-20% HP)]


Message History

You kill the goblin!
You hit the hobgoblin.
The hobgoblin is poisoned.
The hobgoblin is severely wounded.
A goblin comes into view. It is wielding a +0 dagger.
The hobgoblin hits you but does no damage.
You closely miss the hobgoblin.
The hobgoblin is heavily wounded.
You kill the hobgoblin!
A hobgoblin comes into view.
You hit the goblin but do no damage.
The goblin is poisoned.
The goblin hits you with a +0 dagger.
You hit the goblin.
You kill the goblin!
You hit the hobgoblin. Your bite misses the hobgoblin.
The hobgoblin is moderately wounded.
The hobgoblin hits you.
Natasha casts a spell.
You hit the hobgoblin but do no damage.
The hobgoblin is poisoned.
The hobgoblin is moderately wounded.
The hobgoblin hits you but does no damage.
A goblin comes into view. It is wielding a +0 dagger.
Robin throws the goblin at you! The goblin barely misses you.
Natasha mumbles some strange words.
Natasha shimmers violently.
The goblin hits you with a +0 club. The goblin hits you but does no damage.
Robin hits you with a +0 mace.
* * * LOW HITPOINT WARNING * * *
You turn into a vampire bat.
Your +1 dagger of venom melds into your body.
Your +0 cloak melds into your body.
Your +0 helmet melds into your body.
Your +0 pair of boots melds into your body.
Your +0 robe melds into your body.
Your +1 dagger of venom stops dripping with poison.
You feel weakened.
You feel dopey.
You feel clumsy. The goblin hits you with a +0 club.
* * * LOW HITPOINT WARNING * * *
The hobgoblin closely misses you. The goblin completely misses you.
Robin throws the goblin at you!
You die...

......... .....................>.
######.####.##.##..##.#..........
######.# ##.#..##..##............
........ ......##..##.#.###.....#
######+# ..........##..........##
......)...##.).###.....# ###
........................ ..+
......g...?............# ###
......gb#...............
####..ggg.#............#
#.##g#g#...#.##.....#
#####.##h#.#...#.##......
.....g...................
####gg##.........##....## ..hg
................## ....
.......##.##...... #.. .!...#..##
#....##


You could see Robin, Natasha, 3 hobgoblins and 3 goblins.

Vanquished Creatures
  Terence (D:2)
  2 adders
  6 bats
  4 endoplasms (D:1)
  2 giant cockroaches (D:1)
  5 goblins
  4 hobgoblins
  A quokka (D:2)
  A frilled lizard (D:1)
  6 kobolds
  7 rats
39 creatures vanquished.

Notes
Turn   | Place    | Note
-------+----------+-------------------------------------------
     0 | D:1      | adizb the Vampire Brigand began the quest for the Orb.
     0 | D:1      | Reached XP level 1. HP: 16/16 MP: 1/1
   130 | D:1      | Reached skill level 6 in Stealth
   133 | D:1      | Reached XP level 2. HP: 17/17 MP: 2/2
   657 | D:1      | Reached skill level 1 in Unarmed Combat
   723 | D:2      | Noticed Terence
   729 | D:2      | Killed Terence
   730 | D:2      | Gained mutation: You are afflicted with vampirism and can
                  | become a bat while bloodless. [Vampire growth]
   730 | D:2      | Reached XP level 3. HP: 21/21 MP: 3/3
  1583 | D:3      | Reached XP level 4. HP: 20/20 MP: 4/4
  1586 | D:3      | Noticed Natasha
  1587 | D:3      | Noticed Robin
  1604 | D:3      | Hit by a goblin thrown by Robin

Illustrated notes

Levels and vault maps discovered:
D:1:      nzn_arrival_crosshair, layout_loops_ring, minmay_cupped
D:2:      layout_basic, minmay_misc_feat_plants, nrook_uturn, chequers_garden,
          nrook_mini_vaults, uniq_terence
D:3:      layout_basic, uniq_jessica, uniq_natasha, uniq_robin

Skill      XL: |  1  2  3 |
---------------+----------+-----
Stealth        | 6 |  6.5
Fighting       | 2 |  2.3
Unarmed Combat | 1 |  1.5
Dodging        | 2 |  2.1
Short Blades   | |  2.9
Throwing       | |  1.5
Spellcasting   | |  0.2

Action                   |  1- 3 |  4- 6 || total
-------------------------+-------+-------++-------
Melee: Dagger            |    52 |    13 ||    65
       Bite              |     5 |       ||     5
       Punch             |     1 |       ||     1
 Abil: Exsanguinate      |     3 |       ||     3
       Revivify          |     2 |       ||     2
       Bat Form          |       |     1 ||     1
 Stab: Sleeping          |    18 |       ||    18
       Distracted        |     1 |       ||     1
Armor: Robe              |     9 |    10 ||    19
Dodge: Dodged            |    13 |     6 ||    19
